 Dungeon Crawl Stone Soup version 0.17.1-3-g152610e (webtiles) character file.

5866 kaze the Blocker (level 10, -1/77 HPs)
             Began as a Demonspawn Berserker on Apr 12, 2016.
             Was a High Priest of Trog.
             Slain by a troll (11 damage)
             ... on level 9 of the Dungeon.
             The game lasted 00:20:05 (8632 turns).

kaze the Blocker (Demonspawn Berserker)             Turns: 8632, Time: 00:20:06

Health: -1/77      AC: 21    Str: 22    XL:     10   Next: 52%
Magic:  10/10      EV: 10    Int: 10    God:    Trog [*****.]
Gold:   340        SH: 18    Dex: 12    Spells: 0 memorised, 9 levels left

rFire  + . .     SeeInvis .     w - +2 flail (venom)
rCold  + + .     Clarity  +     z - +4 ring mail of Dydevuel {rF+}
rNeg   . . .     SustAt   .     j - +1 large shield
rPois  .         Gourm    .     (helmet restricted)
rElec  .         Spirit   .     C - +0 cloak
rCorr  .         Warding  .     b - +2 pair of gloves
rMut   .         Stasis   .     (no boots)
MR     .....                    (no amulet)
Stlth  +.........               (no ring)
                                y - ring of protection from cold

@: exhausted, hasted and slowed, not resistant to hostile enchantments, very
unstealthy
A: antennae 2, talons 1, rough black scales 2, agile 1, blurry vision 1,
clarity, cold resistance 1, demonic guardian 1, strong 1
a: Berserk, Trog's Hand, Brothers in Arms, Burn Spellbooks, Renounce Religion


You were on level 9 of the Dungeon.
You worshipped Trog.
Trog was extremely pleased with you.
You were not hungry.

You visited 1 branch of the dungeon, and saw 9 of its levels.
You also visited: Ossuary.

You collected 565 gold pieces.
You spent 225 gold pieces at shops.

Inventory:

Hand Weapons
 w - a +2 flail of venom (weapon)
 F - the +0 dire flail "Titotzad" {crush, MP+9}
   (You bought it in a shop on level 8 of the Dungeon)

   It inflicts extra damage upon your enemies.
   It affects your magic capacity (+9).
Missiles
 g - 6 javelins (quivered)
 A - 8 steel tomahawks
Armour
 b - a +2 pair of gloves (worn)
 j - a +1 large shield (worn)
 k - a +0 plate armour
 z - the +4 ring mail of Dydevuel (worn) {rF+}
   (You found it on level 7 of the Dungeon)

   It protects you from fire.
 C - a +0 cloak (worn)
Jewellery
 y - a ring of protection from cold (left hand)
Wands
 i - a wand of flame (28)
 B - a wand of enslavement (6)
Scrolls
 l - 4 scrolls of teleportation
 m - 7 scrolls of identify
 n - a scroll of fear
 p - 3 scrolls of noise
 q - 2 scrolls of enchant armour
 s - a scroll of fog
 u - 2 scrolls of blinking
 x - 3 scrolls of remove curse
Potions
 o - 3 potions of brilliance
 v - a potion of haste
Comestibles
 c - 2 bread rations
 f - 4 beef jerkies
 t - 7 slices of pizza
 E - 4 meat rations


   Skills:
 + Level 6.5 Fighting
   Level 5.5(6.1) Axes
 + Level 3.8(5.2) Maces & Flails
 + Level 1.6 Throwing
 + Level 5.5 Armour
 + Level 5.8 Dodging
 + Level 0.2 Stealth
 + Level 8.9 Shields


You had 9 spell levels left.
You didn't know any spells.

Dungeon Overview and Level Annotations

Branches:
Dungeon (9/15)             Temple (0/1) D:5
   Lair: D:8-11         Orc: D:9-12

Altars:
Cheibriados
Dithmenos
Fedhas
Gozag
Makhleb
Trog
Vehumet
The Shining One

Shops:
D:5 [   D:8 (


Innate Abilities, Weirdness & Mutations

You have a pair of antennae on your head.
You are mostly covered in rough black scales (AC +7, Dex -2).
A weak demonic guardian rushes to your aid.
You have sharp toenails.
You are agile. (Dex +2)
Scrolls take you a little longer to read.
You possess an exceptional clarity of mind.
Your flesh is cold resistant.
Your muscles are strong. (Str +2)


Message History

You block the troll's attack. The troll claws you.
* * * LOW HITPOINT WARNING * * *
Your crimson imp blinks!
The troll bites you but does no damage. You block the troll's attack.
The troll claws you but does no damage. The orc completely misses you.
Drink which item? (? for menu, Esc to quit)
You feel better. You block the troll's attack. The troll closely misses you.
The troll closely misses you. You block the orc's attack.
You block the troll's attack. The troll claws you but does no damage.
The troll closely misses you.
Drink which item? (? for menu, Esc to quit)
You feel better. You block the orc's attack. The troll bites you.
* * * LOW HITPOINT WARNING * * *
The troll claws you.
* * * LOW HITPOINT WARNING * * *
The troll claws you but does no damage. You block the orc's attack.
Unknown command.
Drink which item? (? for menu, Esc to quit)
You feel yourself speed up. The troll bites you!
You die...

.########### ##.....
.>.........# ########.##..
...........# #..........#.
#.....<....# #..........#.
........>..# #..........#.
......)†...# #........!.#.
......).†..# #...###.####.
..#.#.)...o######.##....####.
..........T@......#......##.
...........##..............#.
.....<.....#.................
.......5...#.................
.............................
≈..........#...........<....#
≈..#......#................#
.........#................#
.....####................


You could see a troll, an orc and a friendly crimson imp.

Vanquished Creatures
  Maurice (D:8)
  Prince Ribbit (D:7)
  A wyvern (D:9)
  A wraith (Ossuary)
  A deep elf fighter (D:8)
  2 hungry ghosts
  2 wolves (D:9)
  4 orc warriors
  4 sky beasts
  3 ice beasts
  2 ogres
  A black bear (D:9)
  A centaur (D:6)
  A phantom (D:4)
  A crocodile (D:7)
  Blork the orc (D:6)
  A wyvern zombie (D:6)
  5 giant frogs
  A water moccasin skeleton (D:8)
  A scorpion (D:9)
  8 killer bees
  4 crimson imps
  3 jellies
  8 orc wizards
  2 quasits
  A wasp zombie (D:7)
  7 giant frog skeletons
  2 orc priests
  2 centaur skeletons
  3 iguanas
  6 hounds
  9 worker ants
  A hound zombie (D:7)
  A mummy (Ossuary)
  2 worker ant zombies
  Robin (D:2)
  7 gnolls
  6 adders
  2 shadow imps
  An ooze (D:1)
  2 adder skeletons
  An adder zombie (D:5)
  3 worms
  4 giant geckos
  17 orcs
  6 giant cockroaches
  8 hobgoblins
  5 jackals
  2 kobolds
  5 quokkas
  2 ball pythons
  7 bats
  A giant gecko skeleton (D:6)
  3 giant newts
  7 gnoll skeletons (Ossuary)
  19 goblins
  A jackal zombie (D:5)
  6 kobold skeletons (Ossuary)
  12 orc skeletons (Ossuary)
  7 rats
229 creatures vanquished.

Vanquished Creatures (collateral kills)
  The ghost of barb4r1an the Shield-Bearer, an amateur GrFi of Makhleb (D:4)
  2 ice beasts (D:5)
  An ogre (D:4)
  A crimson imp (D:4)
  3 orc wizards
  A hound (D:5)
  An iguana (D:5)
  2 adders
12 creatures vanquished.

Grand Total: 241 creatures vanquished

Notes
Turn   | Place    | Note
--------------------------------------------------------------
     0 | D:1      | kaze the Demonspawn Berserker began the quest for the Orb.
     0 | D:1      | Reached XP level 1. HP: 18/18 MP: 1/1
     2 | D:1      | Noticed an electric eel
   425 | D:1      | Gained mutation: You have a pair of small antennae on your head. [demonic ancestry]
   425 | D:1      | Reached XP level 2. HP: 22/24 MP: 2/2
   773 | D:2      | Reached ** piety under Trog
   819 | D:2      | Noticed Robin
   826 | D:2      | Gained mutation: You are partially covered in rough black scales (AC +4, Dex -1). [demonic ancestry]
   826 | D:2      | Reached XP level 3. HP: 29/29 MP: 3/3
   826 | D:2      | Reached skill level 1 in Shields
   842 | D:2      | Killed Robin
  1321 | D:2      | Found an opulent altar of Gozag.
  1572 | D:3      | Gained mutation: A weak demonic guardian rushes to your aid. [demonic ancestry]
  1572 | D:3      | Reached XP level 4. HP: 33/35 MP: 4/4
  2073 | D:4      | Noticed barb4r1an's ghost (amateur GrFi)
  2079 | D:4      | Killed barb4r1an's ghost
  2079 | D:4      | Gained mutation: You are mostly covered in rough black scales (AC +7, Dex -2). [demonic ancestry]
  2079 | D:4      | Reached XP level 5. HP: 42/42 MP: 5/5
  2336 | D:4      | Found a blossoming altar of Fedhas.
  2342 | D:4      | Noticed a phantom
  2347 | D:4      | Reached XP level 6. HP: 48/48 MP: 6/6
  2410 | D:4      | Killed a phantom
  2461 | D:4      | Found a sand-covered staircase.
  2476 | D:4      | Reached skill level 4 in Fighting
  2487 | Ossuary  | Entered an ossuary
  2487 | Ossuary  | Noticed a wraith
  2487 | Ossuary  | Noticed a wraith
  2487 | Ossuary  | Noticed a wraith
  2534 | Ossuary  | Noticed a wraith
  2547 | Ossuary  | Killed a wraith
  2547 | Ossuary  | Gained mutation: You have a pair of antennae on your head. [demonic ancestry]
  2547 | Ossuary  | Reached XP level 7. HP: 54/54 MP: 7/7
  2770 | D:4      | Noticed an ogre
  2776 | D:4      | Killed an ogre
  2850 | D:4      | Reached *** piety under Trog
  3116 | D:5      | Entered Level 5 of the Dungeon
  3165 | D:5      | Found a staircase to the Ecumenical Temple.
  3494 | D:5      | Found Orchai's Armour Boutique.
  3696 | D:5      | Reached skill level 5 in Shields
  3774 | D:5      | Reached XP level 8. HP: 48/61 MP: 8/8
  4804 | D:6      | Noticed Blork the orc
  4810 | D:6      | Killed Blork the orc
  4810 | D:6      | Reached **** piety under Trog
  4810 | D:6      | Reached skill level 6 in Shields
  4818 | D:6      | Reached skill level 5 in Axes
  5159 | D:6      | Reached skill level 5 in Fighting
  5696 | D:6      | Reached skill level 7 in Shields
  5696 | D:6      | Reached XP level 9. HP: 66/68 MP: 9/9
  5795 | D:7      | Found a shadowy altar of Dithmenos.
  6051 | D:7      | Noticed Prince Ribbit
  6065 | D:7      | Found a snail-covered altar of Cheibriados.
  6075 | D:7      | Found a burning altar of Makhleb.
  6124 | D:7      | Killed Prince Ribbit
  6124 | D:7      | Reached skill level 1 in Maces & Flails
  6196 | D:7      | Reached skill level 5 in Armour
  6346 | D:7      | Found a glowing golden altar of the Shining One.
  6346 | D:7      | Found a radiant altar of Vehumet.
  6499 | D:7      | Reached skill level 8 in Shields
  6513 | D:7      | Gained mutation: You have sharp toenails. [mutagenic meat]
  6514 | D:7      | Gained mutation: Your muscles are strong. (Str +2) [mutagenic meat]
  6515 | D:7      | Gained mutation: You are agile. (Dex +2) [mutagenic meat]
  6516 | D:7      | Gained mutation: You expend magic power (3 MP) to strengthen your wands. [mutagenic meat]
  6517 | D:7      | Gained mutation: Scrolls take you a little longer to read. [mutagenic meat]
  6518 | D:7      | Gained mutation: Your flesh is cold resistant. [mutagenic meat]
  6558 | D:7      | Got a jewelled ring mail
  6569 | D:7      | Identified the +4 ring mail of Dydevuel {rF+} (You found it on level 7 of the Dungeon)
  6654 | D:7      | Received a gift from Trog
  7197 | D:8      | Reached XP level 10. HP: 67/76 MP: 10/10
  7333 | D:8      | Reached skill level 1 in Throwing
  7440 | D:8      | Found Kuaroha's Antique Weapon Shoppe.
  7443 | D:8      | Bought a shimmering dire flail for 225 gold pieces
  7448 | D:8      | Identified the cursed +0 dire flail "Titotzad" {crush, MP+9} (You bought it in a shop on level 8 of the Dungeon)
  7488 | D:8      | Noticed Maurice
  7935 | D:8      | Killed Maurice
  8105 | D:9      | Reached skill level 5 in Dodging
  8114 | D:9      | Found a bloodstained altar of Trog.
  8121 | D:9      | Reached ***** piety under Trog
  8187 | D:9      | Gained mutation: Your magical capacity is low (-10% MP). [mutagenic meat]
  8189 | D:9      | Gained mutation: Armour fits poorly on your strangely shaped body. [mutagenic meat]
  8190 | D:9      | Gained mutation: You possess an exceptional clarity of mind. [mutagenic meat]
  8191 | D:9      | Lost mutation: Your magical capacity is low (-10% MP). [potion of cure mutation]
  8191 | D:9      | Lost mutation: Armour fits poorly on your strangely shaped body. [potion of cure mutation]
  8191 | D:9      | Lost mutation: You expend magic power (3 MP) to strengthen your wands. [potion of cure mutation]
  8632 | D:9      | Slain by a troll

Action                   |  1- 3 |  4- 6 |  7- 9 | 10-12 || total
-------------------------+-------+-------+-------+-------++-------
Melee: Hand axe          |   214 |   128 |   540 |       ||   882
       Flail             |       |       |   233 |   119 ||   352
       Dire flail        |       |       |       |   167 ||   167
Throw: Javelin           |       |       |    28 |    15 ||    43
       Tomahawk          |       |       |       |     5 ||     5
Invok: Berserk           |     1 |     2 |    10 |     3 ||    16
       Trog's Hand       |       |       |     1 |     2 ||     3
       Burn Spellbooks   |       |       |       |     1 ||     1
  Use: Scroll            |       |       |    12 |     7 ||    19
       Potion            |       |       |    12 |     5 ||    17
  Eat: Bread ration      |     1 |     1 |     6 |     2 ||    10
       Chunk             |       |       |    11 |     4 ||    15
       Pizza             |       |       |       |     2 ||     2
